 Dungeon Crawl Stone Soup version 0.29-a0-298-g3c90f9a769 (webtiles) character file.

Game seed: 261436360469633361

212 esteth the Chopper (level 5, -3/48 HPs)
             Began as a Hill Orc Fighter on Mar 23, 2022.
             Slain by Grinder (6 damage)
             ... on level 3 of the Dungeon.
             The game lasted 00:04:20 (2823 turns).

esteth the Chopper (Hill Orc Fighter)               Turns: 2823, Time: 00:04:20

Health: -3/48      AC:  8    Str: 19    XL:     5   Next: 89%
Magic:  5/5        EV:  9    Int:  8    God:
Gold:   116        SH:  4    Dex: 12    Spells: 4/4 levels left

rFire   . . .      SeeInvis .   a - +1 war axe
rCold   . . .      Faith    .   c - +0 buckler
rNeg    . . .      Spirit   .   b - +0 scale mail
rPois   .          Reflect  .   r - +0 helmet
rElec   .          Harm     .   (no cloak)
rCorr   .          Rampage  .   (no gloves)
Will    .....                   (no boots)
Stlth   ..........              (no amulet)
HPRegen 0.16/turn               (no ring)
MPRegen 0.09/turn               (no ring)

@: brilliant
A: no striking features
a: no special abilities


You were on level 3 of the Dungeon.
You visited 1 branch of the dungeon, and saw 3 of its levels.

You collected 116 gold pieces.


   Skills:
 + Level 5.2 Fighting
 * Level 6.6 Axes
 - Level 3.2 Armour
 - Level 3.2 Shields


You had 4 spell levels left.
You didn't know any spells.
Your spell library contained the following spells:

 Spells                   Type           Power      Damage    Failure   Level
 Gell's Gravitas          Tloc           0%         N/A       99%         3
 Lesser Beckoning         Tloc           0%         N/A       99%         3
 Teleport Other           Tloc           0%         N/A       99%         3

Inventory:

Hand Weapons
 a - a +1 war axe (weapon)
Missiles
 j - 84 stones (quivered)
 l - 2 poisoned darts
Armour
 b - a +0 scale mail (worn)
 c - a +0 buckler (worn)
 d - a +0 leather armour
   (You took it off an orc on level 3 of the Dungeon)
 i - a +0 robe
   (You found it on level 1 of the Dungeon)
 k - a +0 robe
   (You found it on level 1 of the Dungeon)
 m - a +0 leather armour
   (You found it on level 1 of the Dungeon)
 p - a +0 robe
   (You took it off Jessica on level 2 of the Dungeon)
 r - a +0 helmet (worn)
   (You found it on level 2 of the Dungeon)
 s - a +0 leather armour
   (You found it on level 2 of the Dungeon)
 u - a +0 leather armour
   (You took it off an orc on level 3 of the Dungeon)
 w - a +0 leather armour
   (You took it off Ijyb on level 3 of the Dungeon)
Jewellery
 C - a ring of ice
   (You found it on level 1 of the Dungeon)
 F - a ring of protection from fire
   (You took it off a kobold on level 1 of the Dungeon)
Wands
 x - a wand of acid (4)
   (You took it off Ijyb on level 3 of the Dungeon)
Scrolls
 f - a scroll of enchant weapon
 n - a scroll of teleportation {unknown}
 q - 2 scrolls of identify {unknown}
 t - a scroll of fog {unknown}
 v - a scroll of fear {unknown}
Potions
 h - a potion of brilliance

Dungeon Overview and Level Annotations

Branches:
Dungeon (3/15)

Altars:
Fedhas
Gozag
Trog
Zin

Annotations:
D:3 Grinder

#.# #.# #.# #.#
####.##### #.#
.........# #.#
###..###.# #.# #..#
#.# #.# #).# #.# #.#
#..# #.######.## #
#..# #....ยง...@#.#
###.5# ######....5?#
.....#########...###
###......5......##
###############


You could see Grinder.


Message History

No target in view!
Things that are here:
a +0 mace; an orc corpse; ๐Ÿ˜Ž HP[+10]
Your hp is fully restored (48).
Grinder comes into view.
Grinder shouts!
Grinder gestures at you. You resist with significant effort.
You hit Grinder. Grinder gestures at you.
You suddenly lose the ability to move!
Grinder hits you.
You writhe in agony.
You can move again. ๐Ÿ˜• HP[-9]
You take 9 damage, and now have 39/48 hp.
You hit Grinder but do no damage. Grinder gestures at you.
You resist with significant effort. You block Grinder's attack.
You barely miss Grinder. Grinder hits you.
You writhe in agony. ๐Ÿ˜ฎ HP[-3]
You take 3 damage, and now have 36/48 hp.
You closely miss Grinder. Grinder hits you.
You writhe in agony. ๐Ÿ˜ฎ HP[-10]
You take 10 damage, and now have 26/48 hp.
MASSIVE DAMAGE!! (PAUSE)
You hit Grinder but do no damage. Grinder hits you but does no damage.
You hit Grinder but do no damage. Grinder gestures at you.
You resist with significant effort. ๐Ÿ˜ฎ HP[+1]
You slash Grinder! Grinder gestures at you. Pain shoots through your body!
* * * LOW HITPOINT WARNING * * *
Grinder says, "There's only one good use for a tongue: cutting it out."
Grinder hits you but does no damage. ๐Ÿ˜จ HP[-14]
You take 14 damage, and now have 13/48 hp.
MASSIVE DAMAGE!! (PAUSE) It was a potion of curing.
You feel better. Grinder barely misses you. ๐Ÿ˜จ HP[+10]
You regained 10 hp, and now have 23/48 hp.
You feel better.
Grinder closely misses you. ๐Ÿ˜ฎ HP[+10]
You regained 10 hp, and now have 33/48 hp.
You completely miss Grinder. Grinder hits you.
You writhe in agony.
* * * LOW HITPOINT WARNING * * *
๐Ÿ˜จ HP[-11]
You take 11 damage, and now have 22/48 hp.
MASSIVE DAMAGE!! (PAUSE)
You barely miss Grinder. Grinder hits you!
* * * LOW HITPOINT WARNING * * *
You writhe in agony.
* * * LOW HITPOINT WARNING * * *
๐Ÿ˜ฑ HP[-13]
You take 13 damage, and now have 9/48 hp.
MASSIVE DAMAGE!! (PAUSE)
You feel better.
Grinder hits you but does no damage. ๐Ÿ˜จ HP[+6]
You regained 6 hp, and now have 15/48 hp.
It was a potion of magic.
Magic courses through your body. Grinder hits you!
* * * LOW HITPOINT WARNING * * *
You writhe in agony.
* * * LOW HITPOINT WARNING * * *
๐Ÿ˜ฑ HP[-9]
You take 9 damage, and now have 6/48 hp.
It was a potion of invisibility.
You fade into invisibility!
Grinder hits you but does no damage.
It was a potion of brilliance.
You feel clever all of a sudden. Grinder barely misses you.
As you read the scroll labelled CEDUQUP OJ DYKEFO, it crumbles to dust.
It is a scroll of enchant weapon.
Your +0 war axe glows red for a moment.
Grinder barely misses you.
Grinder gestures at something. ๐Ÿ˜ฑ HP[+1] Grinder gestures at something. ๐Ÿ˜ฑ HP[+1] Grinder gestures at something.
Pain shoots through your body!
* * * LOW HITPOINT WARNING * * *
๐Ÿ˜ฑ HP[-2]
You take 2 damage, and now have 6/48 hp.
Grinder gestures at something.
You flicker for a moment. ๐Ÿ˜ฑ HP[+1] Grinder gestures at something.
You flicker back into view. ๐Ÿ˜ฑ HP[+1] ๐Ÿ˜ฑ HP[+1]
Okay, then. ๐Ÿ˜ฑ HP[+1] Grinder blinks!
Grinder hits you!
* * * LOW HITPOINT WARNING * * *
๐Ÿ˜ฑ HP[-7]
You take 7 damage, and now have 3/48 hp.
You slash Grinder! Grinder hits you.
You die...

Skill      XL: |  1  2  3  4  5 |
---------------+----------------+-----
Axes           | 3 4 5 6 |  6.6
Fighting       | 4 5 |  5.2
Armour         | |  3.2
Shields        | |  3.2

Action                   |  1- 3 |  4- 6 || total
-------------------------+-------+-------++-------
Melee: War axe           |    92 |   125 ||   217
  Use: Potion            |       |     7 ||     7
       Scroll            |       |     1 ||     1
Armor: Scale mail        |    52 |    50 ||   102
Dodge: Dodged            |    48 |    69 ||   117
Block: Buckler           |    15 |    24 ||    39

Levels and vault maps discovered:
D:1:      amcnicky_arrival_gap_in_the_tavern_cellar, layout_basic,
          minmay_misc_feat_rows
D:2:      layout_loops_ring, dreamdust_ecumenical_altar_drowned_temple,
          minmay_bisected, uniq_jessica
D:3:      layout_loops_ring, chequers_temple_overflow_statue_of_worship,
          mainiacjoe_overflow_alcove_4, ebering_dispersal_statue_hall,
          uniq_grinder, uniq_ijyb

Notes
Turn   | Place    | Note
-------+----------+-------------------------------------------
     0 | D:1      | esteth the Hill Orc Fighter began the quest for the Orb.
     0 | D:1      | Reached XP level 1. HP: 19/19 MP: 1/1
     0 | D:1      | magus.rc [v1.11.3]
    48 | D:1      | Reached skill level 3 in Axes
    54 | D:1      | Reached XP level 2. HP: 27/27 MP: 2/2
   426 | D:1      | Reached skill level 4 in Fighting
   595 | D:1      | Reached skill level 4 in Axes
   615 | D:1      | Reached XP level 3. HP: 19/33 MP: 3/3
   771 | D:1      | You pick up a book of Displacement and begin reading...
   771 | D:1      | You add the spells Lesser Beckoning, Gell's Gravitas and
                  | Teleport Other to your library.
  1483 | D:2      | Noticed Jessica
  1505 | D:2      | Reached skill level 5 in Axes
  1505 | D:2      | Reached XP level 4. HP: 41/41 MP: 4/4
  1510 | D:2      | Killed Jessica
  1879 | D:2      | Reached XP level 5. HP: 43/47 MP: 5/5
  2069 | D:2      | Found a faded altar of an unknown god.
  2203 | D:3      | Found an opulent altar of Gozag.
  2203 | D:3      | Found a bloodstained altar of Trog.
  2203 | D:3      | Found a blossoming altar of Fedhas.
  2203 | D:3      | Found a glowing silver altar of Zin.
  2294 | D:3      | Noticed Ijyb
  2302 | D:3      | Killed Ijyb
  2303 | D:3      | Reached skill level 5 in Fighting
  2303 | D:3      | Reached skill level 6 in Axes
  2769 | D:3      | Noticed Grinder
  2771 | D:3      | Paralysed by Grinder for 2 turns
  2782 | D:3      | HP: 9/48 [Grinder (6)]
  2796 | D:3      | HP: 6/48 [Grinder/nerve-wracking pain (2)]
  2822 | D:3      | HP: 3/48 [Grinder (7)]
  2823 | D:3      | Slain by Grinder

Vanquished Creatures
  An orc priest (D:3)
  Jessica (D:2)
  Ijyb (D:3)
  6 adders (D:2)
  A dart slug (D:1)
  6 orcs (D:3)
  4 ball pythons
  6 bats
  3 endoplasms
  2 giant cockroaches
  5 goblins
  4 hobgoblins
  7 jackals
  4 kobolds (D:1)
  4 quokkas
  4 frilled lizards
  5 rats
  A spectral kobold (D:2)
65 creatures vanquished.

Table legend:
 A = Non-vault XP
 B = Vault XP
 C = Vault XP percentage of total XP
 D = Non-vault monster count
 E = Vault monster count
 F = Vault count percentage of total count
                 A         B        C        D         E       F
            +---------+---------+-------+---------+---------+-------
      Total |     214 |      89 |  29.4 |      60 |       5 |   7.7
            +---------+---------+-------+---------+---------+-------
        D:1 |      49 |       0 |   0.0 |      26 |       0 |   0.0
        D:2 |      88 |      53 |  37.6 |      19 |       4 |  17.4
        D:3 |      77 |      36 |  31.9 |      15 |       1 |   6.2
            +---------+---------+-------+---------+---------+-------

Illustrated notes

Table legend:
 A = Kills in this place as a percentage of kills in entire the game.
 B = Kills by you in this place as a percentage of kills by you in the entire game.
 C = Kills by friends in this place as a percentage of kills by friends in the entire game.
 D = Other kills in this place as a percentage of other kills in the entire game.
 E = Experience gained in this place as a percentage of experience gained in the entire game.
 F = Experience gained in this place divided by the number of levels of this place that you have seen.
                   A       B       C       D       E      F
               +-------+-------+-------+-------+-------+----------------------
         Total | 100.0 | 100.0 |   N/A |   N/A | 100.0 | 101.0
       Dungeon | 100.0 | 100.0 |   N/A |   N/A | 100.0 | 101.0
               +-------+-------+-------+-------+-------+----------------------

Table legend: (Time is in decaauts)
 A = Elapsed time spent in this place.
 B = Non-inter-level travel time spent in this place.
 C = Inter-level travel time spent in this place.
 D = Time resting spent in this place.
 E = Time spent auto-exploring this place.
 F = Levels seen in this place.
 G = Mean time per level.
                   A        B        C        D        E       F      G
               +--------+--------+--------+--------+--------+-----+--------+
         Total |   2889 |   2856 |     33 |    209 |   2098 |   3 |  963.0 |
       Dungeon |   2889 |   2856 |     33 |    209 |   2098 |   3 |  963.0 |
               +--------+--------+--------+--------+--------+-----+--------+

Top non-repeatable levels by time:
     D:1: 1131 daAuts
     D:2: 1122 daAuts
     D:3: 635 daAuts
